 Dungeon Crawl Stone Soup version 0.31-a0-496-g6f97920a28 (webtiles) character file.

Game seed: 11698367964509049423

44 AstroCodex24 the Trooper (level 3, -2/29 HPs)
             Began as a Vampire Fighter on Aug 8, 2023.
             Slain by Jessica
             ... wielding a +0 dagger
              (4 damage)
             ... on level 3 of the Dungeon.
             The game lasted 00:01:54 (302 turns).

AstroCodex24 the Trooper (Vampire Fighter)           Turns: 302, Time: 00:01:55

Health: -2/29      AC:  6    Str: 17    XL:     3   Next: 39%
Magic:  3/3        EV: 14    Int: 10    God:
Gold:   0          SH:  4    Dex: 13    Spells: 2/2 levels left

rFire   . . .        a - +0 war axe
rCold   . . .        c - +0 buckler
rNeg    . . .        b - +0 scale mail
rPois   .            (no helmet)
rElec   .            (no cloak)
rCorr   .            (no gloves)
SInv    +            (no boots)
Will    .....        (no amulet) Stlth
                     e - +5 ring of evasion
HPRegen 0.44/turn    (no ring)
MPRegen 0.08/turn

%: no passive effects
@: healing quickly
A: alive, fangs 3, see invisible, vampiric 2
a: Exsanguinate


You were on level 3 of the Dungeon.
You visited 1 branch of the dungeon, and saw 3 of its levels.

Inventory:

Hand Weapons
 a - a +0 war axe (weapon)
Armour
 b - a +0 scale mail (worn)
 c - a +0 buckler (worn)
Jewellery
 e - a +5 ring of evasion (left hand)
Potions
 d - 2 potions of might


   Skills:
 + Level 3.1 Fighting
 + Level 2.2 Axes
 + Level 2.9 Armour
 + Level 3.0 Shields


You had 2 spell levels left.
You didn't know any spells.
Your spell library was empty.

Dungeon Overview and Level Annotations

Branches:
Dungeon (3/15)

Altars:

Shops:
D:2 [

Annotations:
D:3 Jessica


Innate Abilities, Weirdness & Mutations

Your natural rate of healing is accelerated.
You have razor-sharp teeth.
You have supernaturally acute eyesight. (SInv)
You are afflicted with vampirism and can become a bat while bloodless.


Message History

You can now turn into a vampire bat when bloodless.
You hit Jessica.
Jessica is severely wounded.
Jessica hits you with a +0 dagger. Jessica closely misses you.
You closely miss Jessica.
Jessica is severely wounded.
Jessica hits you but does no damage.
Jessica casts a spell.
Jessica blinks!
Jessica hits you with a +0 dagger.
There is a broken door here.
You feel yourself speed up. Jessica hits you with a +0 dagger.
Jessica shouts, "You're disturbing me!
I'll have to kill you!" Jessica hits you with a +0 dagger.
* * * LOW HITPOINT WARNING * * *
An orc comes into view. It is wielding a +0 hand axe.
The orc shouts!
You hear a shout!
Jessica gestures wildly while chanting.
Jessica blinks!
Jessica casts a spell.
Jessica blinks!
There is a broken door here.
Jessica looks very angry.
Jessica casts a spell.
Jessica blinks!
Items here: )) ††.
The orc barely misses you.
You barely miss the orc. The orc barely misses you.
The orc hits you with a +0 hand axe.
You barely miss the orc. Your bite misses the orc.
The orc hits you with a +0 hand axe.
* * * LOW HITPOINT WARNING * * *
You hit Jessica.
Jessica is severely wounded.
You hit the orc but do no damage. Jessica barely misses you.
The orc hits you but does no damage. The orc hits you with a +0 hand axe.
* * * LOW HITPOINT WARNING * * *
Jessica hits you with a +0 dagger.
You die...

#.# #.......# #.#
#...>...# ###.# +.......#
....###########.......####
..............#..........)
..............#...........
..............#...........
..............##o#........
..............'.@@.....##+
..............####..⌠.##
#.............# #...##
#.#....######## #..##
#.#..### #.## .......# #.#
#.#..# #.# .†...#[# #.#
...<...#


You could see Jessica and an orc.

Vanquished Creatures
  An orc priest (D:3)
  An adder (D:3)
  An orc (D:3)
  3 bats
  A goblin (D:3)
  A rat (D:3)
8 creatures vanquished.

Notes
Turn   | Place    | Note
-------+----------+-------------------------------------------
     0 | D:1      | AstroCodex24 the Vampire Fighter began the quest for the
                  | Orb.
     0 | D:1      | Reached XP level 1. HP: 17/17 MP: 1/1
   120 | D:2      | Found Oniq's Armour Shoppe.
   168 | D:3      | Reached XP level 2. HP: 23/23 MP: 2/2
   270 | D:3      | Noticed Jessica
   284 | D:3      | Gained mutation: You are afflicted with vampirism and can
                  | become a bat while bloodless. [Vampire growth]
   284 | D:3      | Reached XP level 3. HP: 16/29 MP: 3/3
   302 | D:3      | Slain by Jessica

Illustrated notes

Levels and vault maps discovered:
D:1:      erik_arrival_triangle_small, layout_basic
D:2:      layout_loops_cross, serial_shops, shop, kennysheep_generic_room_12
D:3:      cheibrodos_helix_gallery, layout_basic, xom_confusion_cloud,
          nicolae_overflow_ecumenical_swirl, uniq_jessica

Skill      XL: |  1  2 |
---------------+-------+-----
Fighting       | 3 |  3.1
Axes           | 2 |  2.2
Shields        | 3 |  3.0
Armour         | |  2.9

Action                     || total
---------------------------++-------
  Melee: War axe           ||    32
 Armour: Scale mail        ||    19
  Dodge: Dodged            ||    24
  Block: Buckler           ||     2

Table legend: (Time is in decaauts)
 A = Elapsed time spent in this place.
 B = Non-inter-level travel time spent in this place.
 C = Inter-level travel time spent in this place.
 D = Time resting spent in this place.
 E = Time spent auto-exploring this place.
 F = Levels seen in this place.
 G = Mean time per level.
                   A        B        C        D        E       F      G
               +--------+--------+--------+--------+--------+-----+--------+
         Total |    320 |    319 |      1 |      0 |      0 |   3 |  106.7 |
       Dungeon |    320 |    319 |      1 |      0 |      0 |   3 |  106.7 |
               +--------+--------+--------+--------+--------+-----+--------+

Top non-repeatable levels by time:
     D:3: 166 daAuts
     D:1: 80 daAuts
     D:2: 73 daAuts
